 Dungeon Crawl Stone Soup version 0.31-a0-1204-ge2c1a86 (webtiles) character file.

Game seed: 567356123601366479

704 gompami the Caller (level 7, -8/54 HPs)
             Began as a Kobold Summoner on Dec 12, 2023.
             Mangled by a wyvern (14 damage)
             ... on level 6 of the Dungeon.
             The game lasted 00:11:36 (3296 turns).

gompami the Caller (Kobold Summoner)                Turns: 3296, Time: 00:11:36

Health: -8/54      AC:  3    Str:  4 (5)  XL:     7   Next: 99%
Magic:  7/12       EV: 14    Int: 16 (18) God:
Gold:   104        SH:  0    Dex: 13 (16) Spells: 4/13 levels left

rFire   . . .        a - +0 rapier
rCold   . . .        (no shield)
rNeg    . . .        p - +1 robe {Will+}
rPois   .            (no helmet)
rElec   .            (no cloak)
rCorr   .            (no gloves)
SInv    .            (no boots)
Will    .....        (no amulet) Stlth
                     (no ring)
HPRegen 0.29/turn    (no ring)
MPRegen 0.13/turn

%: no passive effects
@: berserking, weak-willed, very quick
A: small, no large weapons, nightstalker 3
a: no special abilities


You were on level 6 of the Dungeon.
You visited 1 branch of the dungeon, and saw 5 of its levels.

You collected 152 gold pieces.
You spent 48 gold pieces at shops.

Inventory:

Hand Weapons
 a - a +0 rapier (weapon)
Missiles
 j - 5 poisoned darts
Armour
 p - a +1 robe of willpower (worn)
Jewellery
 q - a ring of ice
Scrolls
 e - a scroll of identify
 g - a scroll of amnesia
 r - a scroll of immolation
Potions
 b - 2 potions of magic
 k - a potion of lignification {unknown}
 n - a potion of curing {unknown}
 o - a potion of heal wounds {unknown}


   Skills:
 - Level 4.0 Short Blades
 - Level 2.4 Dodging
 - Level 2.6 Stealth
 - Level 0.5 Unarmed Combat
 + Level 3.7 Spellcasting
 - Level 2.0 Hexes
 + Level 7.5 Summonings


You had 4 spell levels left.
You knew the following spells:

 Your Spells              Type           Power      Damage    Failure   Level
a - Summon Small Mammal   Summ           100%       N/A       1%          1
b - Call Imp              Summ           54%        N/A       1%          2
c - Call Canine Familiar  Summ           27%        N/A       2%          3
d - Summon Guardian Gole  Hex/Summ       18%        N/A       8%          3

Your spell library contained the following spells:

 Spells                   Type           Power      Damage    Failure   Level
 Blink                    Tloc           4%         N/A       26%         2
 Lesser Beckoning         Tloc           4%         N/A       26%         2
 Momentum Strike          Conj/Tloc      4%         3d8       26%         2
 Wereblood                Tmut           2%         N/A       26%         2
 Summon Lightning Spire   Summ/Air       15%        N/A       36%         4
 Ozocubu's Armour         Ice            2%         N/A       45%         3
 Metabolic Englaciation   Hex/Ice        3%         N/A       97%         5
 Irradiate                Conj/Tmut      1%         3d12      99%         5
 Simulacrum               Ice/Necr       1%         N/A       100%        6


Dungeon Overview and Level Annotations

Branches:
Dungeon (6/15)
 Temple: D:4-7

Altars:
Cheibriados

Shops:
D:5 *

Annotations:
D:6 Eustachio


Innate Abilities, Weirdness & Mutations

You are small and have problems with some larger weapons.
You are completely attuned to the shadows.


Message History

As you read the scroll labelled RAUMID VIEFASMA, it crumbles to dust.
It was a scroll of blinking.
A sleepcap and a black bear come into view.
The air fills with toxic fumes!
As you read the scroll labelled BEUNESEIJE, it crumbles to dust.
It was a scroll of poison.
The wyvern misses you. The black bear bites you!
The black bear closely misses you. The black bear claws you.
The wyvern bites you but does no damage.
As you read the scroll labelled PIZENG BAERATZ, it crumbles to dust.
It is a scroll of enchant armour.
Your +0 robe of willpower glows green for a moment.
A kobold brigand comes into view.
It is wielding a +0 dagger and quivering poisoned darts.
The wyvern closely misses you. The black bear bites you.
The black bear claws you.
The black bear claws you but does no damage.
It was a potion of degeneration.
There was something very wrong with that liquid.
You feel weakened.
You feel dopey.
You feel clumsy. The wyvern misses you.
The phantom hits something.
The phantom blinks!
The black bear completely misses you. The black bear misses you.
The black bear barely misses you. The wyvern bites you.
It was a potion of berserk rage.
A red film seems to cover your vision as you go berserk!
You feel yourself moving faster!
You feel mighty! The wyvern bites you!
* * * LOW HITPOINT WARNING * * *
The sleepcap completely misses you. The black bear closely misses you.
The black bear claws you.
* * * LOW HITPOINT WARNING * * *
The black bear barely misses you.
Unknown command.
You are too berserk!
You hit the wyvern.
The wyvern is moderately wounded.
The wyvern bites you.
* * * LOW HITPOINT WARNING * * *
You barely miss the wyvern.
The wyvern is moderately wounded.
Your hound is poisoned.
The wyvern bites you!
You die...

.#........#.~~#.#.#.#~~.....#
..........##.~#W.#.##~.......
......##.....~#~#..~#~........
......##...~~~##W.#.#~........
.#.....#...~#~#☼.~.##~........
.#...###...~###§#.#§#~........
......##...~~##§.#§§#~~~......
#..#...#....~~#k#§#§#~#~......
##.#.........~##@h§####~......
..#.........~#h#f#§##~~..###.
.............~#§ #§##~~....#
.... ......§~#. §#~~.###...
...>...~## #~..#...#.
.......~~# #~......# ..#....~#
#~.....# ..##...~# ##~.#...#
..#....~## #~~###.##


You could see a black bear, a wyvern (weak-willed, ally target), a sleepcap and
a friendly hound (summoned, poisoned).

Vanquished Creatures
  An ogre (D:5)
  2 hounds (D:5)
  Jessica (D:3)
  Terence (D:3)
  A gnoll (D:2)
  3 worms
  A dart slug (D:2)
  An orc (D:5)
  A bat (D:2)
  5 endoplasms
  A giant cockroach (D:1)
  3 goblins (D:1)
  A hobgoblin (D:2)
  2 jackals (D:2)
  2 kobolds (D:1)
  2 quokkas (D:1)
  2 ball pythons (D:2)
  2 frilled lizards (D:2)
  4 rats
36 creatures vanquished.

Vanquished Creatures (collateral kills)
  Grinder (D:3)
  An ogre (D:6)
  A bullfrog (D:6)
  An orc priest (D:5)
  A sleepcap (D:3)
  An orc wizard (D:5)
  2 gnolls (D:2)
  An adder (D:2)
  2 orcs (D:5)
  A ball python (D:3)
  3 endoplasms
  2 goblins
  2 hobgoblins (D:1)
  A jackal (D:2)
  2 quokkas
  A bat (D:2)
  A frilled lizard (D:3)
  2 rats (D:1)
26 creatures vanquished.

Grand Total: 62 creatures vanquished

Notes
Turn   | Place    | Note
-------+----------+-------------------------------------------
     0 | D:1      | gompami the Kobold Summoner began the quest for the Orb.
     0 | D:1      | Reached XP level 1. HP: 10/10 MP: 3/3
   101 | D:1      | Reached XP level 2. HP: 12/15 MP: 1/5
   103 | D:1      | Reached skill level 1 in Short Blades
   114 | D:1      | Learned a level 2 spell: Call Imp
   639 | D:1      | Reached XP level 3. HP: 19/19 MP: 3/6
   644 | D:1      | Learned a level 3 spell: Call Canine Familiar
  1075 | D:2      | Reached XP level 4. HP: 24/24 MP: 2/7
  1527 | D:2      | Reached skill level 5 in Summonings
  2044 | D:3      | Noticed Terence
  2052 | D:3      | Killed Terence
  2053 | D:3      | Reached XP level 5. HP: 28/28 MP: 0/8
  2122 | D:3      | Noticed Jessica
  2127 | D:3      | Killed Jessica
  2218 | D:3      | Noticed Grinder
  2236 | D:3      | Killed Grinder
  2237 | D:3      | Reached skill level 6 in Summonings
  2237 | D:3      | Reached XP level 6. HP: 30/32 MP: 2/9
  2245 | D:3      | Learned a level 3 spell: Summon Guardian Golem
  2508 | D:3      | You fall into a shaft and drop 2 floors!
  2508 | D:5      | Entered Level 5 of the Dungeon
  2539 | D:5      | Reached skill level 7 in Summonings
  2539 | D:5      | Reached XP level 7. HP: 25/36 MP: 7/10
  2604 | D:5      | Found Afri's Fire Supplies.
  2617 | D:5      | Bought a scroll of immolation for 48 gold pieces
  2722 | D:5      | Found a snail-covered altar of Cheibriados.
  2771 | D:5      | Reached skill level 1 in Hexes
  3071 | D:6      | Noticed Eustachio
  3280 | D:6      | Noticed a manticore
  3283 | D:6      | Noticed a wyvern
  3296 | D:6      | Mangled by a wyvern

Illustrated notes

Levels and vault maps discovered:
D:1:      dpeg_arrival_simpleton_c, layout_loops_ring, minmay_distorted
D:2:      layout_basic, minivault_4, minmay_misc_feat_ornament,
          nicolae_twisty_statue_hallways
D:3:      layout_basic, marbit_many_paths, gammafunk_temple_overflow_statue,
          shapermc_ecumenical_altar_flowoftime, uniq_jessica, uniq_grinder,
          uniq_terence
D:5:      layout_basic, nicolae_sif_muna_little_library, slow_altar_2,
          nicolae_shop_fire_sale [nicolae_sub_dead_trees]
D:6:      layout_cave_pools, nicolae_overflow_crystal_walls,
          kennysheep_mini_moat, portal_sewer_entry_e, serial_shops, shop,
          minmay_manual_mullet, uniq_jeremiah, uniq_eustachio

Skill      XL: |  1  2  3  4  5  6  7 |
---------------+----------------------+-----
Short Blades   | 1 2 3 4 |  4.0
Summonings     | 5 6 7 |  7.5
Hexes          | 2 |  2.0
Spellcasting   | 3 |  3.7
Dodging        | |  2.4
Stealth        | |  2.6
Unarmed Combat | |  0.5

Action                     |  1- 3 |  4- 6 |  7- 9 || total
---------------------------+-------+-------+-------++-------
  Melee: Short sword       |    16 |       |       ||    16
         Dagger            |    14 |       |       ||    14
         Punch             |     1 |     1 |       ||     2
         Rapier            |     2 |    58 |    26 ||    86
   Cast: Summon Small Mamm |     7 |     4 |     2 ||    13
         Call Imp          |    11 |    15 |     8 ||    34
         Call Canine Famil |     1 |     5 |    10 ||    16
    Use: Scroll            |       |       |     6 ||     6
         Potion            |       |       |     2 ||     2
   Stab: Sleeping          |     7 |     5 |     1 ||    13
         Distracted        |       |     2 |       ||     2
 Armour: Robe              |     8 |    24 |    25 ||    57
  Dodge: Dodged            |    15 |    38 |    30 ||    83

Table legend: (Time is in decaauts)
 A = Elapsed time spent in this place.
 B = Non-inter-level travel time spent in this place.
 C = Inter-level travel time spent in this place.
 D = Time resting spent in this place.
 E = Time spent auto-exploring this place.
 F = Levels seen in this place.
 G = Mean time per level.
                   A        B        C        D        E       F      G
               +--------+--------+--------+--------+--------+-----+--------+
         Total |   3306 |   3269 |     37 |     73 |   2411 |   5 |  661.2 |
       Dungeon |   3306 |   3269 |     37 |     73 |   2411 |   5 |  661.2 |
               +--------+--------+--------+--------+--------+-----+--------+

Top non-repeatable levels by time:
     D:2: 1058 daAuts
     D:1: 985 daAuts
     D:5: 562 daAuts
     D:3: 463 daAuts
     D:6: 235 daAuts
